 Dungeon Crawl Stone Soup version 0.22-a0-848-ge9e22a0 (webtiles) character file.

732134 Mgcat the Wrestler (level 25, -3/344 HPs)
             Began as a Troll Fighter on July 26, 2018.
             Was the Champion of Ru.
             Slain by a hell knight
             ... wielding a +0 halberd of flaming
              (6 damage)
             ... in the Vestibule of Hell.
             The game lasted 04:11:27 (69494 turns).

Mgcat the Wrestler (Troll Fighter)                 Turns: 69494, Time: 04:11:28

Health: -3/344     AC: 26    Str: 28 (29) XL:     25
Magic:  37/37      EV: 10    Int: 18      God:    Ru [******]
Gold:   6454       SH: 38    Dex: 15      Spells: 26/47 levels left

rFire    + . .     SeeInvis .     - Unarmed
rCold    + + +     Gourm    +   c - +18 shield of the Gong {rElec rN+ MR+ EV-5}
rNeg     + + +     Faith    .   (armour currently unavailable)
rPois    ∞         Spirit   .   U - -2 hat of the Alchemist {rElec rPois rF+ rC+ rN+ MR+ rMut rCorr}
rElec    +         Reflect  +   F - +0 cloak "Eshoc" {Slay+4 Stlth-}
rCorr    +         Harm     .   (gloves unavailable)
rMut     +                      (boots unavailable)
MR       ++++.                  K - +6 amulet of reflection
Stlth    ++........             W - ring "Dirghuhy" {+Blink rN+ MR+ Int+7 Stlth+}
HPRegen  1.07/turn              m - ring "Yzif" {*Contam rC+++ Int+2 Dex+3 Stlth+}
MPRegen  0.25/turn

@: exhausted, about to teleport, statue-form, very slightly contaminated,
drained, very slow
A: large, unfitting armour, claws 3, deterioration 1, fast metabolism 3,
gourmand, regeneration 1, weak 1, hated by all, no hexes magic, no poison magic,
no translocations magic, reduced EV 1, inexperienced 1
}: 5/15 runes: decaying, serpentine, slimy, silver, abyssal
a: End Transformation, Draw Out Power, Power Leap, Apocalypse, Renounce
Religion, Evoke Blink


You were in the Vestibule of Hell.
You worshipped Ru.
Ru was exalted by your worship.
You were full.
You were a stone statue.
You visited 13 branches of the dungeon, and saw 59 of its levels.
You visited the Abyss 1 time.
You visited 1 bazaar.
You also visited: Labyrinth, Trove, Volcano, Wizlab and Desolation.

You collected 8185 gold pieces.
You spent 1731 gold pieces at shops.

Inventory:

Missiles
 P - 5 throwing nets {=f, !d}
Armour
 b - a +1 cloak
   (You took it off a draconian scorcher on level 4 of the Realm of Zot)
 c - the +18 shield of the Gong (worn) {rElec rN+ MR+ EV-5}
   (You found it in a treasure trove)

   It affects your evasion (-5).
   It insulates you from electricity.
   It protects you from negative energy.
   It affects your resistance to hostile enchantments.
 j - a +1 cloak
   (You took it off a draconian scorcher on level 3 of the Realm of Zot)
 z - quicksilver dragon scales (melded)
   (You found it on level 5 of the Vaults)
 B - a +1 cloak
   (You took it off a draconian shifter on level 4 of the Realm of Zot)
 F - the +0 cloak "Eshoc" (worn) {Slay+4 Stlth-}
   (You found it in a treasure trove)

   It affects your accuracy and damage with ranged weapons and melee attacks
   (+4).
   It makes you less stealthy.
 U - the -2 hat of the Alchemist (worn) {rElec rPois rF+ rC+ rN+ MR+ rMut rCorr}
   (You acquired it on level 5 of the Depths)

   It protects you from fire.
   It protects you from cold.
   It insulates you from electricity.
   It protects you from poison.
   It protects you from negative energy.
   It affects your resistance to hostile enchantments.
   It provides partial protection from all sources of acid and corrosion.
   It protects you from mutation.
Jewellery
 m - the ring "Yzif" (right claw) {*Contam rC+++ Int+2 Dex+3 Stlth+}
   (You found it on level 3 of the Crypt)

   [ring of stealth]

   It affects your intelligence (+2).
   It affects your dexterity (+3).
   It renders you almost immune to cold.
   It causes magical contamination when unequipped.
   It makes you more stealthy.
 G - a +3 ring of protection {unknown}
   (You took it off a draconian knight on level 4 of the Realm of Zot)
 K - a +6 amulet of reflection (around neck)
   (You took it off a deep elf archer on level 5 of the Vaults)
 M - the ring of Megalomania {Wiz MR+ Dex+3}
   (You found it in the Desolation of Salt)

   [ring of wizardry]

   It improves your spell success rate.
   It affects your dexterity (+3).
   It affects your resistance to hostile enchantments.
 W - the ring "Dirghuhy" (left claw) {+Blink rN+ MR+ Int+7 Stlth+}
   (You bought it in a shop on level 2 of the Depths)

   [ring of stealth]

   It affects your intelligence (+7).
   It protects you from negative energy.
   It affects your resistance to hostile enchantments.
   It lets you blink.
   It makes you more stealthy.
Wands
 n - a wand of acid (29)
   (You found it on level 3 of the Snake Pit)
 v - a wand of digging (14)
   (You found it on level 11 of the Dungeon)
 C - a wand of iceblast (41)
   (You found it in a labyrinth)
 Q - a wand of scattershot (19)
   (You found it on level 13 of the Dungeon)
Scrolls
 a - 6 scrolls of enchant weapon
 e - 12 scrolls of identify
 i - 3 scrolls of silence
 k - 6 scrolls of magic mapping {!r}
 o - 30 scrolls of remove curse
 p - a scroll of brand weapon
 q - a scroll of blinking {!r}
 s - 9 scrolls of teleportation
 u - 9 scrolls of fear
 x - 7 scrolls of fog
 y - 3 scrolls of amnesia
 R - 4 scrolls of enchant armour
 S - 4 scrolls of holy word {!r}
Potions
 f - 2 potions of resistance
 g - 9 potions of mutation {!q}
 h - 2 potions of invisibility
 l - a potion of heal wounds
 t - 9 potions of magic
 w - 5 potions of lignification {!q}
 A - 2 potions of ambrosia
 H - 8 potions of brilliance
 I - 4 potions of might
 L - 10 potions of curing
 V - 8 potions of flight
 X - 2 potions of agility
Miscellaneous
 D - a fan of gales
   (You found it on level 9 of the Dungeon)
 E - a phial of floods
   (You found it on level 2 of the Depths)
 T - a lamp of fire
   (You found it on level 3 of the Vaults)
Comestibles
 d - 81 rations


   Skills:
 + Level 18.2(17.4) Fighting
 - Level 10.0(9.3) Armour
 - Level 15.7(14.9) Dodging
 - Level 15.0(14.2) Shields
 + Level 22.5(21.6) Unarmed Combat
 + Level 11.5(10.8) Spellcasting
 - Level 5.0(4.3) Charms
 + Level 8.8(8.1) Necromancy
 + Level 13.3(12.6) Transmutations
 - Level 15.0(14.2) Earth Magic
 - Level 11.0(10.3) Evocations


You had 26 spell levels left.
You knew the following spells:

 Your Spells              Type           Power        Failure   Level  Hunger
a - Statue Form           Tmut/Erth      ######...    4%          6    ######.
b - Lee's Rapid Deconstr  Erth           ######....   1%          5    #####..
c - Regeneration          Chrm/Necr      ####......   1%          3    None
d - Borgnjor's Vile Clut  Necr/Erth      ######....   1%          5    #####..
e - Swiftness             Chrm/Air       ###.....     4%          2    None

Your spell library contained the following spells:

 Spells                   Type           Power        Failure   Level  Hunger
 Cause Fear               Hex            #.........   58%         4    ##.....
 Magic Dart               Conj           #...         8%          1    None
 Fireball                 Conj/Fire      #.........   90%         5    #####..
 Apportation              Tloc           #.....       8%          1    None
 Conjure Flame            Conj/Fire      #.......     22%         3    None
 Bolt of Fire             Conj/Fire      #.........   100%        6    ######.
 Bolt of Cold             Conj/Ice       #.........   100%        6    ######.
 Lightning Bolt           Conj/Air       #.........   90%         5    #####..
 Bolt of Magma            Conj/Fire/Erth ####......   28%         5    #####..
 Slow                     Hex            #.......     11%         2    None
 Confuse                  Hex            #.......     22%         3    None
 Invisibility             Hex            #.......     100%        6    ######.
 Freezing Cloud           Conj/Ice/Air   #.........   100%        6    ######.
 Mephitic Cloud           Conj/Pois/Air  #.......     22%         3    None
 Ring of Flames           Chrm/Fire      ###.......   100%        7    #######
 Venom Bolt               Conj/Pois      #.........   90%         5    #####..
 Olgreb's Toxic Radiance  Pois           #.......     58%         4    ##.....
 Death's Door             Chrm/Necr      ####......   100%        8    #######
 Summon Small Mammal      Summ           #...         8%          1    None
 Bolt of Draining         Conj/Necr      ###.......   36%         5    #####..
 Blink                    Tloc           N/A          11%         2    None
 Animate Dead             Necr           N/A          2%          4    ##.....
 Pain                     Necr           ####         1%          1    None
 Animate Skeleton         Necr           N/A          1%          1    None
 Freeze                   Ice            #...         8%          1    None
 Summon Ice Beast         Ice/Summ       #.......     58%         4    ##.....
 Call Imp                 Summ           #.......     11%         2    None
 Dispel Undead            Necr           #####...     7%          5    #####..
 Sting                    Conj/Pois      #...         8%          1    None
 Sublimation of Blood     Necr           #####.....   1%          2    None
 Tukima's Dance           Hex            #.......     22%         3    None
 Summon Demon             Summ           #.........   90%         5    #####..
 Corpse Rot               Necr           N/A          1%          2    None
 Stone Arrow              Conj/Erth      #####.       1%          3    None
 Shock                    Conj/Air       #...         8%          1    None
 Recall                   Summ/Tloc      N/A          22%         3    None
 Agony                    Necr           #####...     7%          5    #####..
 Spider Form              Tmut/Pois      ####......   1%          3    None
 Blade Hands              Tmut           ######....   1%          5    #####..
 Ice Form                 Ice/Tmut       ####....     5%          4    ##.....
 Dragon Form              Tmut           ######....   34%         7    #######
 Death Channel            Necr           #####.....   36%         6    ######.
 Airstrike                Air            #.........   58%         4    ##.....
 Shadow Creatures         Summ           N/A          100%        6    ######.
 Confusing Touch          Hex            #.....       8%          1    None
 Flame Tongue             Conj/Fire      #....        8%          1    None
 Passwall                 Tmut/Erth      ######..     1%          2    None
 Ignite Poison            Fire/Tmut/Pois ###.....     4%          3    None
 Sticks to Snakes         Tmut           ######..     1%          2    None
 Ensorcelled Hibernation  Hex/Ice        #.....       11%         2    None
 Summon Butterflies       Summ           #.......     8%          1    None
 Silence                  Hex/Air        #.........   90%         5    #####..
 Static Discharge         Conj/Air       #.......     22%         3    None
 Corona                   Hex            #......      8%          1    None
 Alistair's Intoxication  Tmut/Pois      ####....     16%         5    #####..
 Sandblast                Erth           ######       1%          1    None
 Simulacrum               Ice/Necr       ###.......   91%         6    ######.
 Conjure Ball Lightning   Conj/Air       #.........   100%        6    ######.
 Petrify                  Tmut/Erth      ######..     1%          4    ##.....
 Malign Gateway           Summ/Tloc      #.........   100%        7    #######
 Tornado                  Air            #.........   100%        9    #######
 Darkness                 Hex            #.........   100%        6    ######.
 Beastly Appendage        Tmut           ######       1%          1    None
 Dazzling Spray           Conj/Hex       #.....       22%         3    None
 Summon Guardian Golem    Hex/Summ       #.......     22%         3    None
 Dragon's Call            Summ           #.........   100%        9    #######
 Hydra Form               Tmut           ######....   6%          6    ######.
 Irradiate                Conj/Tmut      ####......   16%         5    #####..
 Lesser Beckoning         Tloc           #.........   22%         3    None
 Poisonous Vapours        Pois/Air       #.....       11%         2    None
 Ignition                 Fire           #.........   100%        8    #######


Dungeon Overview and Level Annotations

Branches:
Dungeon (15/15)            Temple (1/1) D:5            Lair (6/6) D:8
  Swamp (4/4) Lair:4        Snake (4/4) Lair:3        Slime (5/5) Lair:5
    Orc (2/2) D:11            Elf (3/3) Orc:2        Vaults (5/5) D:14
  Crypt (3/3) Vaults:2       Tomb (0/3) Crypt:3      Depths (5/5) D:15
   Hell (1/1)                 Coc (0/7) Hell            Zot (5/5) Depths:5
    Dis: Hell:1         Geh: Hell:1         Tar: Hell:1

Altars:
Cheibriados
Dithmenos
Elyvilon
Fedhas
Gozag
Hepliaklqana
Kikubaaqudgha
Makhleb
Nemelex Xobeh
Qazlal
Ru
Sif Muna
Trog
Uskayaw
Vehumet
Xom
Yredelemnul
Zin
Beogh
Lugonu

Shops:
D:6 !   D:10 %   Orc:2 *(%:(?   Elf:2 }   Snake:2 ?   Snake:4 %   Vaults:3 *
Vaults:4 [   Depths:2 }}=

Portals:
Hell: Depths:1 Depths:2 Depths:3 Depths:4 Depths:5
Abyss: Depths:1 Depths:2 Depths:3 Depths:4 Depths:5
Pandemonium: Depths:2 Depths:3
Ziggurat: Depths:2

Annotations:
Elf:2 3 runed doors
Elf:3 1 runed door, Salmacis's ghost, adept OgBe
Hell exclusion: 2 ice statues, Murray
Zot:4 3 runed doors, Sioxa's ghost, master VSFi


Innate Abilities, Weirdness & Mutations

You are too large for most types of armour.
You have claws for hands.
Your metabolism is lightning-fast.
You like to eat raw meat.
Your natural rate of healing is unusually fast.
((You are covered in fur. (AC +1)))
((You have very tough skin. (AC +2)))
You are weak. (Str -2)
You are hated by all.
You cannot study or cast Hexes magic.
You cannot study or cast Poison magic.
You cannot study or cast Translocations magic.
You have somewhat slow reflexes. (EV -5)
You are somewhat inexperienced. (-2 XL)
((You are partially covered in molten scales. (AC +2)))
Your body sometimes deteriorates upon taking damage.


Message History

The seven-headed hydra zombie bites you.
* * * LOW HITPOINT WARNING * * *
The seven-headed hydra zombie bites you but does no damage. x2
Unknown command.
Unknown command.
Unknown command.
Unknown command.
Unknown command.
Unknown command.
Unknown command.
Unknown command.
You feel better.
You feel less invigorated.
The hell knight is no longer moving quickly.
You block the hell hog's attack.
GONNNNG!
The hell knight mumbles some strange words.
The hell knight seems to speed up.
You block the hell hog's attack.
GONNNNG!
The alligator skeleton is stunned by your will and fails to attack.
You block the eight-headed hydra zombie's attack.
GONNNNG!
You block the eight-headed hydra zombie's attack.
GONNNNG!
You block the eight-headed hydra zombie's attack.
GONNNNG!
The eight-headed hydra zombie bites you.
* * * LOW HITPOINT WARNING * * *
You focus your will and blind the eight-headed hydra zombie in retribution!
You block the eight-headed hydra zombie's attack.
GONNNNG!
The eight-headed hydra zombie bites you!
* * * LOW HITPOINT WARNING * * *
The eight-headed hydra zombie bites you but does no damage.
The eight-headed hydra zombie closely misses you.
You redirect the war gargoyle's attack!
The war gargoyle barely misses you. The reaper hits you but does no damage.
The hell hog begins to attack, but is stunned by your will! x2
The hell knight hits you from afar with a glaive of flaming!
* * * LOW HITPOINT WARNING * * *
The hell knight burns you.
* * * LOW HITPOINT WARNING * * *
A blizzard demon comes into view.
The seven-headed hydra zombie bites you.
* * * LOW HITPOINT WARNING * * *
The seven-headed hydra zombie bites you but does no damage.
The seven-headed hydra zombie barely misses you.
You block the seven-headed hydra zombie's attack.
GONNNNG!
The seven-headed hydra zombie completely misses you.
You block the seven-headed hydra zombie's attack.
PTOANNNG!
The seven-headed hydra zombie misses you.
You hear an angry squeal.
You hear a shout!
You hear a trumpeting!
You hear an angry squeal. x2; You hear a roar!
Unknown command.
Unknown command.
As you read the scroll of teleportation, it crumbles to dust.
You feel strangely unstable.
The hell hog begins to attack, but is stunned by your will!
You block the hell hog's attack.
BOUMMMMG!
You block the war gargoyle's attack.
GONNNNG!
The hell knight begins to cast a spell, but is stunned by your will!
The alligator skeleton is stunned by your will and fails to attack.
A hell hog comes into view.
You block the orange demon's attack.
GONNNNG!
The blizzard demon begins to attack, but is stunned by your will!
The eight-headed hydra zombie barely misses you.
The eight-headed hydra zombie bites you but does no damage.
You block the eight-headed hydra zombie's attack.
BOUMMMMG!
The eight-headed hydra zombie bites you but does no damage.
The eight-headed hydra zombie closely misses you.
The eight-headed hydra zombie barely misses you.
The eight-headed hydra zombie bites you but does no damage.
You block the eight-headed hydra zombie's attack.
GONNNNG!
The hell knight hits you but does no damage.
You block the hell hog's attack.
BONNNG!
The reaper hits you from afar with a scythe of flaming!!
* * * LOW HITPOINT WARNING * * *
Your body deteriorates!
You feel weakened. The reaper burns you.
* * * LOW HITPOINT WARNING * * *
The hell knight begins to cast a spell, but is stunned by your will!
The hell hog bites you but does no damage.
The seven-headed hydra zombie bites you but does no damage.
The seven-headed hydra zombie misses you.
The seven-headed hydra zombie bites you but does no damage.
The seven-headed hydra zombie closely misses you.
The seven-headed hydra zombie bites you.
* * * LOW HITPOINT WARNING * * *
The seven-headed hydra zombie bites you but does no damage. x2
The hell knight begins to cast a spell, but is stunned by your will!
The war gargoyle begins to attack, but is stunned by your will!
The hell knight hits you from afar with a halberd of flaming.
You die...

.....≈.≈≈≈≈≈≈#
....≈≈≈≈≈≈≈≈≈#
.....≈≈≈≈≈≈≈≈#
...≈≈≈≈≈≈≈≈≈≈#
.
..≈.≈≈≈≈≈≈≈≈≈#
.
...≈≈≈≈≈3≈≈≈≈#
.
.8≈≈≈≈≈≈34.E≈#
.
....2..43pZZ9#
.
.....p..s2h8≈#
.
....h.p.zpZh≈#
.
.8.≈≈≈≈≈≈p..≈#
.
...≈≈≈≈.≈≈≈≈≈#
.
....≈≈≈≈≈≈≈≈≈#
h
....≈≈≈≈≈≈≈≈≈#
.
...≈z≈≈≈≈≈≈≈≈#
. ≈z≈≈≈≈≈≈≈# .


You could see a reaper, an ancient champion, a blizzard demon, 5 hell knights, 2
skeletal warriors, a soul eater, 3 hell hogs, a demonic crawler, 2 sun demons, a
war gargoyle, an orange demon, a water elemental, a red devil, an eight-headed
hydra zombie (blind), a seven-headed hydra zombie (blind) and an alligator
skeleton.

Vanquished Creatures
  the Royal Jelly (Slime:5)
  6 ancient liches
  6 orbs of fire
  Mara (Depths:4)
  2 juggernauts
  Sojobo (Depths:2)
  Bai Suzhen (Depths:2)
  Margery (Vaults:4)
  Saint Roka (Orc:2)
  Frederick (Vaults:2)
  2 curse toes
  A caustic shrike (Depths:2)
  the Lernaean hydra (Swamp:3)
  Vashnia (Snake:3)
  A Killer Klown (Zot:5)
  Geryon (Hell)
  9 golden dragons
  Nikola (Swamp:1)
  4 electric golems
  A Cloud Mage (WizLab)
  Jorgrun (Swamp:2)
  Rupert (Orc:2)
  19 tentacled monstrosities
  A Hell Sentinel (Depths:3)
  24 Orb Guardians (Zot:5)
  6 liches
  A deep elf master archer (Elf:3)
  5 deep elf blademasters (Elf:3)
  16 acid blobs
  4 titans
  5 sphinxes
  6 quicksilver dragons
  Asterion (Vaults:1)
  7 death cobs
  5 ancient champions
  15 storm dragons
  A tentacled starspawn (Abyss:2)
  Agnes (D:14)
  2 thorn hunters (Swamp:3)
  5 tengu reavers
  A shadow dragon (shapeshifter) (Vaults:5)
  Kirke (D:15)
  3 draconian monks
  20 shadow dragons
  Donald (Vaults:4)
  9 fire giants
  A deep elf sorcerer (Elf:2)
  4 revenants
  14 nagarajas
  3 draconian knights
  6 frost giants
  16 azure jellies
  Aizul (Snake:2)
  8 ironheart preservers
  2 ghost moths
  9 vault wardens
  An orc warlord (Vaults:5)
  A balrug (Hell)
  12 draconian scorchers
  A cacodemon (Hell)
  An imperial myrmidon (Desolation)
  Louise (D:15)
  5 draconian annihilators
  3 draconian stormcallers
  3 reapers
  10 deep elf elementalists
  4 draconian shifters
  A caustic shrike skeleton (Crypt:1)
  2 war gargoyles (Vaults:5)
  15 ghouls
  3 entropy weavers
  27 very ugly things
  14 stone giants
  9 green draconians
  3 deep elf annihilators (Elf:3)
  14 black draconians
  2 spectral titans (Crypt:3)
  2 deep elf demonologists
  8 vampire knights
  8 yellow draconians
  A halazid warlock (Desolation)
  6 purple draconians
  A minotaur (Lab)
  5 spark wasps
  11 white draconians
  A merfolk javelineer (Depths:5)
  6 red draconians
  Azrael (D:15)
  3 spectral quicksilver dragons (Crypt:3)
  22 ettins
  4 crystal guardians
  2 green deaths (Swamp:4)
  7 jiangshi
  6 death oozes
  10 deep elf death magi
  4 ragged hierophants
  11 yaktaur captains
  7 eidola (Crypt:3)
  Josephine (D:11)
  7 fire dragons
  7 deep elf high priests
  8 great orbs of eyes
  10 hydras
  12 rakshasas
  The ghost of sking99 the Grappler, a journeyman DrTm of Cheibriados (D:11)
  27 vault guards
  2 small abominations
  An ice dragon (Vaults:2)
  6 servants of whispers (Desolation)
  15 naga warriors
  A hell beast (Swamp:4)
  A spectral shadow dragon (Crypt:3)
  16 anacondas
  A queen ant (D:13)
  7 spriggan air magi
  2 peacekeepers (Desolation)
  11 centaur warriors
  7 death knights
  12 dancing weapons
  2 spectral frost giants (Crypt:3)
  3 tengu warriors
  12 ogre magi
  4 deep troll shamans
  32 two-headed ogres
  8 alligators
  7 shock serpents
  10 vampire magi
  2 hell hogs (Hell)
  8 deep troll earth magi
  2 spectral dire elephants (Crypt:3)
  6 orc high priests
  3 soul eaters
  Urug (D:14)
  11 deep elf knights
  19 naga sharpshooters
  34 skeletal warriors
  3 sun demons
  4 salamander mystics
  A wretched star (Abyss:2)
  5 spectral storm dragons (Crypt:3)
  A fire crab (WizLab)
  A sixfirhy (Hell)
  16 hell knights
  A death drake (shapeshifter) (Elf:2)
  A titan skeleton (Crypt:1)
  3 iron trolls (Depths:1)
  A golden dragon zombie (Crypt:1)
  10 shadow wraiths
  An unseen horror (D:14)
  18 deep trolls
  2 spectral anacondas (Crypt:3)
  3 starcursed masses (Abyss:3)
  15 flayed ghosts
  An anaconda zombie (Crypt:1)
  A golden dragon skeleton (Depths:2)
  A spriggan druid (Swamp:3)
  6 death drakes
  15 naga ritualists
  18 ironbrand convokers
  6 orc knights
  19 deep elf archers
  5 glowing orange brains
  A kraken simulacrum (Hell)
  2 tengu zombies
  5 wizards
  4 wolf spiders
  14 necromancers
  A lindwurm (Lair:6)
  A mana viper (shapeshifter) (Vaults:4)
  An anaconda skeleton (Crypt:1)
  An oklob plant (Lair:3)
  An orc sorcerer (Orc:2)
  15 phantasmal warriors
  5 shining eyes
  A glowing shapeshifter (Depths:1)
  A spectral wolf spider (Crypt:3)
  2 orb spiders (shapeshifter)
  A spectral elf (Depths:3)
  50 deep elf magi
  6 swamp dragons
  A frost giant zombie (Depths:1)
  13 mana vipers
  10 cyclopes
  2 fire giant zombies
  55 ugly things
  3 manticores
  2 worldbinders (Depths:1)
  A spectral ettin (Crypt:3)
  21 salamanders
  A stone giant skeleton (Vaults:4)
  10 guardian serpents
  An elephant (shapeshifter) (D:10)
  23 moths of wrath
  4 molten gargoyles
  8 elephants
  2 rust devils
  2 frost giant skeletons
  Maurice (D:11)
  17 vault sentinels
  An eye of devastation (Slime:4)
  60 black mambas
  An emperor scorpion zombie (Crypt:2)
  33 naga magi
  3 orange demons (Swamp:4)
  A yaktaur zombie (D:15)
  A smoke demon (Depths:4)
  2 spriggan zombies
  Psyche (D:11)
  11 komodo dragons
  12 spiny frogs
  5 rime drakes
  40 yaktaurs
  4 kobold demonologists
  A death yak zombie (Crypt:2)
  2 redback zombies
  2 torpor snails (Swamp:1)
  A sea snake zombie (Crypt:1)
  A death yak skeleton (Crypt:2)
  6 guardian mummies
  A tengu conjurer (Depths:3)
  A silent spectre (Abyss:3)
  A red devil (Depths:4)
  A hydra zombie (Hell)
  22 freezing wraiths
  The ghost of azzavlup the Cudgeler, an amateur MiBe of Trog (D:6)
  A meliai (shapeshifter) (Depths:5)
  A queen bee (shapeshifter) (Vaults:1)
  A queen bee (D:14)
  3 meliai (D:14)
  A troll (shapeshifter) (D:13)
  A wind drake (WizLab)
  2 polar bears (Lair:6)
  8 trolls
  A wolf spider simulacrum (Abyss:3)
  A minotaur skeleton (Lab)
  8 hornets
  A death drake zombie (Crypt:1)
  A jumping spider (shapeshifter) (Elf:3)
  A raiju (Abyss:3)
  6 large abominations
  A shadow dragon simulacrum (Crypt:1)
  29 blink frogs
  18 tyrant leeches
  Prince Ribbit (D:7)
  2 deep troll zombies (D:15)
  A frost giant simulacrum (Crypt:1)
  A hydra skeleton (Hell)
  33 saltlings
  A spectral swamp dragon (Crypt:3)
  12 bog bodies
  10 dream sheep
  7 hippogriffs
  A snapping turtle (shapeshifter) (Vaults:2)
  A fire giant simulacrum (Depths:1)
  96 slime creatures
  7 flying skulls
  11 air elementals
  14 water elementals
  2 ice dragon skeletons (Crypt:1)
  5 shadows
  3 vampires
  A basilisk (shapeshifter) (Vaults:1)
  An ettin skeleton (Crypt:2)
  A tarantella (shapeshifter) (Vaults:4)
  10 wyverns
  8 redbacks (Snake:2)
  64 yaks
  4 spriggans
  A black mamba zombie (Crypt:1)
  6 fire elementals
  6 basilisks
  14 golden eyes
  11 wraiths
  4 hogs (D:15)
  A hog (shapeshifter) (Depths:3)
  A fire bat (shapeshifter) (Elf:1)
  16 humans (D:14)
  2 chaos spawn (Abyss:2)
  13 fire bats (Volcano)
  A human (shapeshifter) (Elf:3)
  4 hungry ghosts
  A steam dragon (D:10)
  5 vampire mosquitoes
  A yaktaur simulacrum (Vaults:4)
  A faun zombie (Crypt:3)
  Edmund (D:5)
  21 soldier ants
  5 wargs
  4 acid dragons
  8 insubstantial wisps
  18 swamp worms
  41 nagas
  4 hell hounds
  A spectral snapping turtle (Crypt:3)
  A torturous demonspawn skeleton (Crypt:2)
  8 porcupines
  A spiny frog zombie (Hell)
  17 water moccasins
  Duvessa (D:6)
  3 floating eyes
  2 ogre skeletons (Vaults:1)
  A porcupine (shapeshifter) (Vaults:5)
  4 swamp drakes
  45 orc warriors
  4 phantoms
  A spiny frog skeleton (Crypt:2)
  3 ice beasts
  An ettin simulacrum (Vaults:3)
  2 snapping turtle zombies
  3 black bears
  A hornet zombie (D:12)
  An infernal demonspawn skeleton (Crypt:2)
  A swamp dragon zombie (Crypt:1)
  6 eyes of draining
  A manticore zombie (Crypt:1)
  5 necrophages
  4 sky beasts
  A lindwurm skeleton (Crypt:1)
  A manticore skeleton (Crypt:3)
  9 boggarts
  31 ogres
  18 centaurs
  8 wolves
  2 dream sheep skeletons
  A swamp dragon skeleton (Crypt:3)
  17 crocodiles
  A salamander zombie (Crypt:3)
  2 elf zombies
  A spectral human (Crypt:3)
  13 big kobolds
  20 bullfrogs
  A gnoll sergeant (D:11)
  An elf skeleton (D:15)
  Dowan (D:6)
  2 water moccasin zombies
  7 earth elementals
  A cyclops zombie (Crypt:3)
  8 scorpions
  2 wyvern skeletons (D:11)
  A swamp dragon simulacrum (Crypt:1)
  2 human simulacra
  A spectral ogre (Crypt:3)
  2 troll skeletons
  21 killer bees (D:14)
  20 wights
  4 electric eels
  9 howler monkeys
  9 crimson imps
  5 lava snakes (Lair:6)
  3 hounds
  3 quasits
  A soldier ant zombie (Crypt:1)
  2 centaur skeletons
  48 orc priests
  6 jellies
  4 human zombies
  2 human skeletons
  3 bullfrog skeletons
  3 iguanas
  51 orc wizards
  35 worker ants
  A tengu simulacrum (Depths:2)
  A naga zombie (Crypt:1)
  A hound zombie (D:7)
  11 mummies
  2 hound skeletons
  A worker ant zombie (Crypt:3)
  An adder (shapeshifter) (Vaults:5)
  3 gnolls (D:6)
  21 adders
  6 shadow imps
  9 oozes
  An adder zombie (Crypt:2)
  An adder skeleton (D:8)
  A lava snake skeleton (Crypt:1)
  5 worms
  2 leopard geckos
  111 orcs
  8 bats
  4 giant cockroaches
  8 goblins
  4 hobgoblins
  7 jackals
  27 kobolds
  5 quokkas
  5 ball pythons
  4 frilled lizards
  A leopard gecko skeleton (D:4)
  A quokka skeleton (D:9)
  14 rats
  A rat zombie (Crypt:2)
  A river rat zombie (Crypt:3)
  2 briar patches (Swamp:3)
  A bush (Lair:3)
  2 plants
2852 creatures vanquished.

Vanquished Creatures (others)
  An ancient lich (Vaults:5)
  A Killer Klown (Zot:5)
  An Orb Guardian (Zot:5)
  2 deep elf master archers (Elf:3)
  A nagaraja (Snake:3)
  A fire giant (Depths:5)
  A frost giant (Depths:2)
  A black draconian (Zot:4)
  2 ettins (Abyss:3)
  A deep elf death mage (Elf:3)
  A blizzard demon (WizLab)
  A hell beast (Depths:1)
  A deep troll shaman (Depths:3)
  5 two-headed ogres
  A dancing weapon (Elf:1)
  A hell hog (Hell)
  A titan zombie (Crypt:1)
  A deep elf knight (Elf:3)
  A skeletal warrior (Vaults:2)
  A flayed ghost (Depths:3)
  A deep elf mage (Elf:3)
  A wolf spider zombie (D:15)
  A cyclops (Vaults:2)
  2 moths of wrath (Zot:5)
  2 yaktaurs
  2 tyrant leeches (Swamp:1)
  A blink frog (Lair:2)
  A saltling (Desolation)
  2 slime creatures
  A yak (D:12)
  A wraith (Vaults:5)
  2 wyverns
  A warg (Orc:2)
  A swamp worm (Swamp:1)
  2 ogres (Depths:1)
  3 orcs
  A briar patch (Swamp:3)
  13 fungi
  21 plants
  A withered plant (D:15)
86 creatures vanquished.

Grand Total: 2938 creatures vanquished

Notes
Turn   | Place    | Note
-------+----------+-------------------------------------------
     0 | D:1      | Mgcat the Troll Fighter began the quest for the Orb.
     0 | D:1      | Reached XP level 1. HP: 22/22 MP: 0/0
    85 | D:1      | Reached XP level 2. HP: 27/29 MP: 1/1
    92 | D:1      | Reached skill level 3 in Unarmed Combat
   276 | D:1      | Reached XP level 3. HP: 33/36 MP: 2/2
   814 | D:2      | Reached skill level 4 in Unarmed Combat
  1109 | D:2      | Reached XP level 4. HP: 37/44 MP: 3/3
  1937 | D:3      | Reached skill level 5 in Unarmed Combat
  1953 | D:3      | Reached XP level 5. HP: 38/50 MP: 4/4
  2169 | D:3      | Reached skill level 6 in Unarmed Combat
  2572 | D:4      | Reached XP level 6. HP: 59/59 MP: 5/5
  2606 | D:4      | Reached skill level 7 in Unarmed Combat
  2822 | D:4      | Found a roughly hewn altar of Beogh.
  2832 | D:4      | Reached XP level 7. HP: 26/66 MP: 6/6
  2971 | D:4      | Reached skill level 8 in Unarmed Combat
  3156 | D:5      | Entered Level 5 of the Dungeon
  3278 | D:5      | Noticed Edmund
  3348 | D:5      | Killed Edmund
  3348 | D:5      | Reached skill level 9 in Unarmed Combat
  3490 | D:5      | Found a shimmering altar of Xom.
  3541 | D:5      | Found a staircase to the Ecumenical Temple.
  3565 | Temple   | Entered the Ecumenical Temple
  3604 | Temple   | Became a worshipper of Ru the Awakened
  4030 | D:6      | Reached XP level 8. HP: 63/74 MP: 7/7
  4043 | D:6      | Found Ocanloegh's Distillery.
  4121 | D:6      | Reached skill level 10 in Unarmed Combat
  4188 | D:6      | Found a bloodstained altar of Trog.
  4201 | D:6      | Noticed Dowan
  4206 | D:6      | Noticed Duvessa
  4216 | D:6      | Reached skill level 11 in Unarmed Combat
  4220 | D:6      | Killed Duvessa
  4226 | D:6      | Killed Dowan
  4228 | D:6      | HP: 16/74 [orc warrior/scimitar (14)]
  4325 | D:6      | Found a runed gate.
  4325 | D:6      | Found a runed gate.
  4325 | D:6      | Found a runed gate.
  4328 | D:6      | Noticed azzavlup's ghost (amateur MiBe)
  4345 | D:6      | Bought a potion of heal wounds for 65 gold pieces
  4430 | D:6      | Reached XP level 9. HP: 76/80 MP: 8/8
  4499 | D:6      | Found a roughly hewn altar of Beogh.
  4535 | D:6      | HP: 12/80 [orc warrior/faintly glowing flail {antimagic} (10)]
  4540 | D:6      | HP: 20/80 [orc warrior/faintly glowing flail {antimagic} (12)]
  4541 | D:6      | HP: 7/80 [orc warrior/mace (14)]
  4541 | D:6      | HP: 3/80 [orc warrior/faintly glowing flail {antimagic} (4)]
  4543 | D:6      | Gained mutation: Your magical capacity is low. (-10% MP) [potion of mutation]
  4543 | D:6      | Gained mutation: Your body sometimes deteriorates upon taking damage. [potion of mutation]
  4543 | D:6      | Gained mutation: You are partially covered in molten scales. (AC +2) [potion of mutation]
  4543 | D:6      | Lost mutation: Your magical capacity is low. (-10% MP) [potion of mutation]
  4546 | D:6      | HP: 14/80 [orc warrior/faintly glowing flail {antimagic} (1)]
  4692 | D:6      | Killed azzavlup's ghost
  4692 | D:6      | Reached skill level 12 in Unarmed Combat
  4703 | D:6      | Got a faintly glowing flail {antimagic}
  4704 | D:6      | Identified the +3 flail of Sunlight {antimagic, Str+4} (You took it off an orc warrior on level 6 of the Dungeon)
  4909 | D:7      | Gained mutation: You are somewhat inexperienced. (-2 XL) [Ru sacrifice]
  4909 | D:7      | Reached XP level 8. HP: 74/74 MP: 7/7
  4909 | D:7      | Reached XP level 7. HP: 66/66 MP: 6/6
  4909 | D:7      | Reached * piety under Ru
  4909 | D:7      | Reached ** piety under Ru
  4925 | D:7      | Found a radiant altar of Vehumet.
  4970 | D:7      | Noticed Prince Ribbit
  4993 | D:7      | Killed Prince Ribbit
  4993 | D:7      | Reached skill level 13 in Unarmed Combat
  4993 | D:7      | Reached XP level 8. HP: 61/74 MP: 7/7
  5335 | D:7      | Reached XP level 9. HP: 54/80 MP: 8/8
  5370 | D:7      | Found an opulent altar of Gozag.
  5370 | D:7      | Found a glowing silver altar of Zin.
  5561 | D:8      | Reached skill level 14 in Unarmed Combat
  5640 | D:8      | Reached skill level 3 in Fighting
  5789 | D:8      | Reached skill level 4 in Fighting
  5815 | D:8      | Found a staircase to the Lair.
  5818 | D:8      | Reached skill level 5 in Fighting
  5829 | D:8      | HP: 21/88 [porcupine (4)]
  5970 | D:8      | Reached skill level 3 in Dodging
  5982 | D:8      | Reached XP level 10. HP: 46/96 MP: 9/9
  5984 | D:8      | Reached skill level 4 in Dodging
  6139 | D:8      | Found a deep blue altar of Sif Muna.
  6311 | D:9      | Reached skill level 5 in Dodging
  6330 | D:9      | Reached skill level 3 in Shields
  6503 | D:9      | Reached skill level 4 in Shields
  6548 | D:9      | Found a large runed door.
  6548 | D:9      | Found a large runed door.
  6613 | D:9      | Found a large runed door.
  6613 | D:9      | Found a large runed door.
  6703 | D:9      | Noticed a two-headed ogre
  6708 | D:9      | Killed a two-headed ogre
  6708 | D:9      | Reached skill level 5 in Shields
  7208 | D:9      | Noticed a centaur warrior
  7220 | D:9      | Killed a centaur warrior
  7220 | D:9      | Reached XP level 11. HP: 67/104 MP: 10/10
  7391 | D:10     | Entered Level 10 of the Dungeon
  7444 | D:10     | Noticed a wizard
  7456 | D:10     | Reached skill level 6 in Shields
  7459 | D:10     | Killed a wizard
  7467 | D:10     | Noticed a two-headed ogre
  7483 | D:10     | Killed a two-headed ogre
  7493 | D:10     | Reached skill level 6 in Fighting
  7493 | D:10     | Reached skill level 6 in Dodging
  7554 | D:10     | Noticed a two-headed ogre
  7561 | D:10     | Killed a two-headed ogre
  8123 | D:10     | Found Estroulu's Food Emporium.
  8193 | D:10     | Noticed a glowing shapeshifter
  8193 | D:10     | an eye of devastation changed into a glowing shapeshifter
  8194 | D:10     | Noticed a two-headed ogre
  8194 | D:10     | a glowing shapeshifter changed into a two-headed ogre
  8199 | D:10     | Noticed a death drake
  8199 | D:10     | a two-headed ogre changed into a death drake
  8202 | D:10     | a death drake changed into a floating eye
  8514 | D:10     | Reached skill level 7 in Shields
  8748 | D:11     | Noticed Maurice
  8952 | D:11     | Found a staircase to the Orcish Mines.
  8991 | D:11     | Reached XP level 12. HP: 93/114 MP: 11/11
  9122 | D:11     | Killed Maurice
  9208 | D:11     | Found a runed gate.
  9208 | D:11     | Found a runed gate.
  9208 | D:11     | Found a runed gate.
  9221 | D:11     | Noticed Psyche
  9234 | D:11     | Killed Psyche
  9271 | D:11     | Noticed sking99's ghost (journeyman DrTm)
  9284 | D:11     | Reached skill level 7 in Fighting
  9284 | D:11     | Reached skill level 7 in Dodging
  9489 | D:11     | Got a bound wooden ring
  9496 | D:11     | Identified the ring "Xisejeg" {Ice Slay+2} (You took it off an orc on level 11 of the Dungeon)
  9527 | D:11     | Noticed Josephine
  9652 | D:11     | Killed Josephine
 10128 | Lair:1   | Entered Level 1 of the Lair of Beasts
 10203 | Lair:1   | Reached skill level 15 in Unarmed Combat
 10820 | Lair:1   | Gained mutation: You have somewhat slow reflexes. (EV -5) [Ru sacrifice]
 10820 | Lair:1   | Reached *** piety under Ru
 10876 | Lair:2   | HP: 25/117 [blink frog (12)]
 10881 | Lair:2   | Reached skill level 1 in Evocations
 10883 | Lair:2   | Reached skill level 8 in Shields
 11049 | Lair:2   | Found a dark tunnel.
 11055 | Volcano  | Entered a volcano
 11059 | Volcano  | Noticed a two-headed ogre
 11076 | Volcano  | Killed a two-headed ogre
 11130 | Volcano  | Noticed a two-headed ogre
 11134 | Volcano  | Killed a two-headed ogre
 11200 | Volcano  | Noticed a two-headed ogre
 11211 | Volcano  | Killed a two-headed ogre
 11233 | Volcano  | Noticed a two-headed ogre
 11240 | Volcano  | Killed a two-headed ogre
 11240 | Volcano  | Reached skill level 2 in Evocations
 11246 | Volcano  | Reached XP level 13. HP: 47/127 MP: 13/13
 11255 | Volcano  | Reached skill level 8 in Fighting
 11368 | Volcano  | Reached skill level 8 in Dodging
 11434 | Volcano  | Noticed a fire dragon
 11450 | Volcano  | Killed a fire dragon
 12231 | Lair:2   | Reached skill level 3 in Evocations
 12483 | Lair:3   | Gained mutation: You are weak. (Str -2) [Ru sacrifice]
 12483 | Lair:3   | Reached **** piety under Ru
 12707 | Lair:3   | Found a staircase to the Snake Pit.
 13383 | Lair:4   | Reached skill level 9 in Shields
 13791 | Lair:4   | Reached skill level 4 in Evocations
 14006 | Lair:4   | Found a staircase to the Swamp.
 14419 | Lair:5   | Reached skill level 9 in Fighting
 14419 | Lair:5   | Reached XP level 14. HP: 140/140 MP: 16/16
 14442 | Lair:5   | Found a staircase to the Slime Pits.
 14446 | Lair:5   | Reached skill level 9 in Dodging
 14521 | Lair:4   | HP: 35/140 [poisoned by a black mamba]
 14527 | Lair:4   | HP: 35/140 [poisoned by a black mamba]
 14532 | Lair:4   | HP: 35/140 [poisoned by a black mamba]
 14828 | Lair:5   | Reached skill level 16 in Unarmed Combat
 15577 | Lair:6   | Entered Level 6 of the Lair of Beasts
 15593 | Lair:6   | Reached skill level 5 in Evocations
 15672 | Lair:6   | Got a wavering silver ring
 15674 | Lair:6   | Identified the ring "Rynel" {+Fly Int+2 Dex-4 Stlth+} (You found it on level 6 of the Lair of Beasts)
 15728 | Lair:6   | HP: 35/140 [dream sheep (7)]
 15864 | Lair:6   | HP: 35/140 [black mamba (10)]
 16046 | Lair:6   | Reached skill level 6 in Evocations
 16563 | Lair:6   | HP: 35/140 [lindwurm (17)]
 16872 | Lair:6   | Reached skill level 7 in Evocations
 17143 | Lair:6   | Found a large runed door.
 17146 | Lair:6   | Found a large runed door.
 17664 | Orc:1    | Entered Level 1 of the Orcish Mines
 17894 | Orc:1    | Found a roughly hewn altar of Beogh.
 18110 | Orc:2    | Entered Level 2 of the Orcish Mines
 18110 | Orc:2    | Found a staircase to the Elven Halls.
 18122 | Orc:2    | Found Xeir's Assorted Antiques.
 18143 | Orc:2    | Found a labyrinth entrance.
 18147 | Orc:2    | Noticed Rupert
 18163 | Orc:2    | Killed Rupert
 18163 | Orc:2    | Reached skill level 8 in Evocations
 18167 | Lab      | Entered a labyrinth
 18477 | Lab      | Got pitted fire dragon scales
 18480 | Lab      | Got pitted acid dragon scales
 18491 | Lab      | Identified the cursed +0 acid dragon scales "Itsufenn" {rCorr Str+2 Int+2 Dex+3} (You found it in a labyrinth)
 18502 | Lab      | Identified the +5 fire dragon scales of the Oligarchy {rF++ rC- Str+4} (You took it off a minotaur in a labyrinth)
 18758 | Orc:2    | Found a roughly hewn altar of Beogh.
 18992 | Orc:2    | Reached skill level 1 in Armour
 19032 | Orc:2    | Reached XP level 15. HP: 96/146 MP: 20/20
 19181 | Orc:2    | Noticed Saint Roka
 19303 | Orc:2    | Killed Saint Roka
 19560 | Orc:2    | Found Ruic's Weapon Shop.
 19568 | Orc:2    | Reached skill level 2 in Armour
 19676 | Orc:2    | Found Cazunime's Antique Weapon Emporium.
 19676 | Orc:2    | Found Voaloy's Food Shoppe.
 19676 | Orc:2    | Found Riel Fiad's Book Shoppe.
 19681 | Orc:2    | Found Nuthutij's Magic Scroll Emporium.
 19767 | Orc:2    | Bought a book of Transfigurations for 770 gold pieces
 19774 | Orc:2    | Learned a level 6 spell: Statue Form
 20540 | D:13     | Reached skill level 9 in Evocations
 20584 | D:13     | Gained mutation: You cannot study or cast Poison magic. [Ru sacrifice]
 20584 | D:13     | Gained mutation: You cannot study or cast Hexes magic. [Ru sacrifice]
 20584 | D:13     | Gained mutation: You cannot study or cast Translocations magic. [Ru sacrifice]
 20584 | D:13     | Reached ***** piety under Ru
 20649 | D:13     | Reached skill level 1 in Earth Magic
 21246 | D:13     | Found the +0 pair of fencer's gloves {+Riposte Dex+3}
 21281 | D:13     | Reached skill level 1 in Transmutations
 21291 | D:13     | Reached skill level 1 in Spellcasting
 22104 | D:14     | Reached skill level 2 in Earth Magic
 22194 | D:14     | Noticed Agnes
 22206 | D:14     | Killed Agnes
 22227 | D:14     | Noticed Urug
 22235 | D:14     | Reached skill level 10 in Shields
 22245 | D:14     | Killed Urug
 22245 | D:14     | Reached skill level 3 in Armour
 22331 | D:14     | Found a gate to the Vaults.
 22650 | D:14     | Reached skill level 2 in Transmutations
 23073 | D:15     | Entered Level 15 of the Dungeon
 23077 | D:15     | Noticed Louise
 23095 | D:15     | Killed Louise
 23259 | D:15     | Found a staircase to the Depths.
 23305 | D:15     | Reached skill level 3 in Earth Magic
 23305 | D:15     | Reached XP level 16. HP: 109/158 MP: 21/21
 23342 | D:15     | Reached skill level 2 in Spellcasting
 23536 | D:15     | Noticed Azrael
 23548 | D:15     | Killed Azrael
 23548 | D:15     | Reached skill level 10 in Fighting
 23693 | D:15     | Reached skill level 10 in Dodging
 23696 | D:15     | Noticed Kirke
 23725 | D:15     | Killed Kirke
 23845 | D:15     | Reached skill level 4 in Armour
 24039 | D:15     | Found a portal to a secret trove of treasure.
 24150 | D:15     | Got a brightly glowing lapis lazuli ring
 24152 | D:15     | Identified the ring of the Madman {*Slow rPois rC+ MR++ Stlth+} (You found it on level 15 of the Dungeon)
 24442 | D:15     | Found an ancient bone altar of Kikubaaqudgha.
 24740 | Swamp:1  | Entered Level 1 of the Swamp
 25033 | Swamp:1  | Noticed a tentacled monstrosity
 25067 | Swamp:1  | Killed a tentacled monstrosity
 25146 | Swamp:1  | Noticed Nikola
 25161 | Swamp:1  | Killed Nikola
 25942 | Swamp:2  | Noticed Jorgrun
 25964 | Swamp:2  | Killed Jorgrun
 26476 | Swamp:3  | Reached skill level 5 in Armour
 26675 | Swamp:3  | Reached skill level 17 in Unarmed Combat
 26714 | Swamp:3  | Noticed a thorn hunter
 26727 | Swamp:3  | Killed a thorn hunter
 27247 | Swamp:3  | Noticed a thorn hunter
 27267 | Swamp:3  | Killed a thorn hunter
 27267 | Swamp:3  | Reached skill level 11 in Shields
 27482 | Swamp:4  | Entered Level 4 of the Swamp
 27576 | Swamp:4  | Reached XP level 17. HP: 169/169 MP: 23/23
 27788 | Swamp:4  | Reached skill level 11 in Fighting
 27794 | Swamp:4  | Reached skill level 11 in Dodging
 27907 | Swamp:4  | Noticed the 27-headed Lernaean hydra
 28446 | Snake:1  | Entered Level 1 of the Snake Pit
 29166 | Snake:1  | Learned a level 5 spell: Lee's Rapid Deconstruction
 29673 | Snake:2  | Found Wist's Magic Scroll Boutique.
 29690 | Snake:2  | Noticed Aizul
 29755 | Snake:2  | Gained mutation: You are hated by all. [Ru sacrifice]
 29755 | Snake:2  | Reached ****** piety under Ru
 29897 | Snake:2  | Reached skill level 6 in Armour
 29921 | Snake:2  | Killed Aizul
 30678 | Snake:3  | Got a bone hand crossbow
 30679 | Snake:3  | Identified the cursed +3 hand crossbow of the Four Beds {penet, Dex+3} (You found it on level 3 of the Snake Pit)
 30726 | Snake:3  | Reached XP level 18. HP: 117/180 MP: 24/24
 30802 | Snake:3  | Noticed Vashnia
 30833 | Snake:3  | Reached skill level 12 in Shields
 30837 | Snake:3  | Killed Vashnia
 30858 | Snake:3  | HP: 41/182 [naga sharpshooter/bolt[Vashnia] (11)]
 31006 | Snake:3  | Reached skill level 18 in Unarmed Combat
 31500 | Snake:3  | Reached skill level 7 in Armour
 31502 | Snake:3  | Reached skill level 12 in Fighting
 31956 | Snake:4  | Entered Level 4 of the Snake Pit
 31961 | Snake:4  | Reached skill level 12 in Dodging
 32460 | Snake:4  | HP: 35/183 [naga ritualist/lance of force (13)]
 32496 | Snake:4  | Reached skill level 8 in Armour
 32745 | Snake:4  | Got a serpentine rune of Zot
 32752 | Snake:4  | Reached XP level 19. HP: 191/191 MP: 25/25
 33076 | Snake:4  | Found a gateway to a bazaar.
 33102 | Bazaar   | Entered a bazaar
 33109 | Bazaar   | Found Ymaet's Antique Weapon Emporium.
 33122 | Bazaar   | Found Nitamup's Antique Weapon Shoppe.
 33137 | Bazaar   | Found Sixa's Antique Armour Shoppe.
 33148 | Bazaar   | Found Qeufye's Antique Armour Emporium.
 33264 | Snake:4  | Found Yrebrera's Food Emporium.
 33666 | Vaults:1 | Entered Level 1 of the Vaults
 33718 | Vaults:1 | Found a ruined gateway.
 33742 | Desolati | Entered the Desolation of Salt
 33882 | Desolati | Got a flickering golden ring
 33888 | Desolati | Got a heavily runed tin amulet
 33889 | Desolati | Identified the ring of Megalomania {Wiz MR+ Dex+3} (You found it in the Desolation of Salt)
 33890 | Desolati | Identified the amulet of Gozag's Scorn {Harm *Drain MP+9 Slay+2} (You found it in the Desolation of Salt)
 34042 | Desolati | Found the +3 hat of Pondering {ponderous, MR+ MP+10 Int+5}
 34043 | Desolati | Found the +7 great mace "Undeadhunter" {disrupt, rN+}
 34085 | Desolati | Got a smoking morningstar
 34189 | Desolati | Found the +3 crown of Dyrovepreva {rElec Int+2 SInv}
 34199 | Desolati | Reached skill level 13 in Shields
 34206 | Desolati | Identified the Incunabulum of Cold and Transmigration
 34210 | Desolati | Got a slimy lapis lazuli ring
 34212 | Desolati | Got a shimmering morningstar
 34216 | Desolati | Got a dazzling glaive
 34711 | Vaults:1 | Identified the ring "Bydghiaq" {*Drain rElec rF+ AC+4 Stlth+} (You found it in the Desolation of Salt)
 34861 | Vaults:1 | Reached skill level 13 in Fighting
 35044 | Vaults:1 | Noticed Asterion
 35064 | Vaults:1 | Killed Asterion
 35064 | Vaults:1 | Reached skill level 13 in Dodging
 35630 | Vaults:1 | Reached skill level 19 in Unarmed Combat
 36282 | Vaults:2 | Identified a scroll of acquirement
 36299 | Vaults:2 | Got a crude hat
 36310 | Vaults:2 | Identified the +0 hat "Ujokurgh" {rF- Int+5} (You acquired it on level 2 of the Vaults)
 36445 | Vaults:2 | Noticed Frederick
 36461 | Vaults:2 | Killed Frederick
 36613 | Vaults:2 | Reached XP level 20. HP: 204/204 MP: 26/26
 36817 | Vaults:2 | Found a staircase to the Crypt.
 37488 | Vaults:3 | Found the +2 hat of the Bear Spirit {Spirit, +Rage rN+ MR++}
 37575 | Vaults:3 | Paralysed by a hornet for 3 turns
 37980 | Vaults:3 | Found Vaor's General Store.
 38596 | Vaults:4 | Reached skill level 14 in Shields
 38885 | Vaults:4 | Reached skill level 14 in Fighting
 39351 | Vaults:4 | Found Pysuom's Armour Shop.
 39419 | Vaults:4 | Noticed Margery
 39436 | Vaults:4 | Reached skill level 14 in Dodging
 39450 | Vaults:4 | Killed Margery
 39692 | Vaults:4 | Noticed Donald
 39712 | Vaults:4 | Killed Donald
 40109 | Elf:1    | Entered Level 1 of the Elven Halls
 40110 | Elf:1    | Reached XP level 21. HP: 214/214 MP: 27/27
 40161 | Elf:1    | Reached skill level 10 in Evocations
 41288 | Elf:2    | Found a magical portal.
 41297 | WizLab   | Entered The Chambers of the Cloud Mage
 41461 | WizLab   | Reached skill level 20 in Unarmed Combat
 42261 | WizLab   | Identified Haerph's Incunabulum of Air
 42698 | Elf:2    | Found Ovele's Gadget Shoppe.
 42739 | Elf:2    | Found a runed gate.
 42739 | Elf:2    | Found a runed gate.
 42741 | Elf:2    | Found a runed gate.
 43085 | Slime:1  | Entered Level 1 of the Pits of Slime
 43285 | Swamp:3  | Killed the 27-headed Lernaean hydra
 43621 | Swamp:4  | Got a decaying rune of Zot
 44925 | D:11     | Killed sking99's ghost
 45399 | Depths:1 | Entered Level 1 of the Depths
 45451 | D:15     | HP: 30/200 [deep troll (24)]
 45914 | Depths:1 | Reached skill level 3 in Transmutations
 45925 | Depths:1 | Reached skill level 4 in Earth Magic
 46209 | Depths:1 | Found a one-way gate to the infinite horrors of the Abyss.
 46299 | Depths:1 | Found a gateway to Hell.
 46482 | Depths:1 | Identified the Compendium of Summoning
 46700 | Depths:2 | Reached XP level 22. HP: 172/209 MP: 29/29
 46827 | Depths:2 | Found a gateway to a ziggurat.
 46937 | Depths:2 | Noticed Sojobo
 46960 | Depths:2 | Killed Sojobo
 47006 | Depths:2 | Found a one-way gate leading to the halls of Pandemonium.
 47108 | Depths:2 | Noticed Bai Suzhen
 47124 | Depths:2 | Killed Bai Suzhen
 47124 | Depths:2 | Reached skill level 4 in Transmutations
 47275 | Depths:2 | Found a corrupted altar of Lugonu.
 47286 | Depths:2 | Reached skill level 5 in Earth Magic
 47462 | Depths:2 | Reached skill level 15 in Shields
 47594 | Depths:2 | Found Losuf's Gadget Emporium.
 47595 | Depths:2 | Found Qauco's Jewellery Boutique.
 47596 | Depths:2 | Found Kofuhumu's Gadget Emporium.
 47605 | Depths:2 | Bought the ring "Dirghuhy" {+Blink rN+ MR+ Int+7 Stlth+} for 896 gold pieces
 47651 | Depths:2 | Noticed a caustic shrike
 47654 | Depths:2 | Killed a caustic shrike
 47660 | Depths:2 | Reached skill level 11 in Evocations
 47872 | Depths:2 | Reached skill level 15 in Fighting
 47894 | Depths:2 | Identified the Grimoire of Dusty Snow
 48402 | Depths:3 | Reached skill level 5 in Transmutations
 48415 | Depths:3 | Noticed an ancient lich
 48418 | Depths:3 | Reached skill level 3 in Spellcasting
 48430 | Depths:3 | Killed an ancient lich
 48430 | Depths:3 | Reached skill level 4 in Spellcasting
 48437 | Depths:3 | HP: 35/212 [shadow dragon simulacrum (39)]
 48437 | Depths:3 | HP: 6/212 [shadow dragon simulacrum (28)]
 48838 | Depths:3 | Reached skill level 15 in Dodging
 48907 | Depths:3 | Identified the Compendium of Sinister Arts
 49172 | Depths:3 | Found a transporter.
 49240 | Depths:3 | Reached skill level 5 in Spellcasting
 49254 | Depths:3 | Reached skill level 6 in Earth Magic
 49446 | Depths:3 | HP: 50/212 [white very ugly thing (42)]
 49452 | Depths:3 | HP: 34/212 [white very ugly thing (33)]
 49481 | Depths:3 | HP: 38/212 [white very ugly thing (26)]
 49880 | Depths:3 | Found a transporter.
 50014 | Depths:3 | Reached skill level 6 in Transmutations
 50020 | Depths:3 | Reached XP level 23. HP: 197/235 MP: 30/30
 50033 | Depths:3 | Noticed a juggernaut
 50046 | Depths:3 | Killed a juggernaut
 50058 | Depths:3 | HP: 49/235 [Hell Sentinel[the power of Zot] (20)]
 50627 | Depths:3 | Got a coiled silver ring
 50637 | Depths:3 | Got a fine jade ring
 50644 | Depths:3 | Identified the ring of Itaehuy {*Tele rF+} (You found it on level 3 of the Depths)
 50645 | Depths:3 | Identified the ring "Damnable Contraption" {+Blink rF++ Str+5} (You found it on level 3 of the Depths)
 50807 | Depths:4 | Reached skill level 7 in Earth Magic
 51257 | Depths:4 | Noticed Mara
 51273 | Depths:4 | Killed Mara
 51273 | Depths:4 | Reached skill level 6 in Spellcasting
 51369 | Depths:4 | Reached skill level 7 in Transmutations
 51370 | Depths:4 | Noticed a juggernaut
 51379 | Depths:4 | Killed a juggernaut
 51714 | Depths:4 | Reached skill level 8 in Earth Magic
 51790 | Depths:4 | Got a steaming long sword
 51831 | Depths:4 | Identified the cursed +0 long sword of Woe {freeze, rN+ Dex+5} (You found it on level 4 of the Depths)
 51968 | Depths:5 | Entered Level 5 of the Depths
 52115 | Depths:5 | Found the -2 hat of the Alchemist {rElec rPois rF+ rC+ rN+ MR+ rMut rCorr}
 52379 | Depths:5 | Got a scorched great sword {flame}
 52767 | Depths:5 | Reached skill level 8 in Transmutations
 52921 | Depths:5 | Reached skill level 9 in Earth Magic
 53035 | Depths:5 | Found a gate to the Realm of Zot.
 53038 | Depths:5 | Reached skill level 7 in Spellcasting
 53748 | Elf:3    | Entered Level 3 of the Elven Halls
 53849 | Elf:3    | Found a deep blue altar of Sif Muna.
 53978 | Elf:3    | Got a crude ivory ring
 53979 | Elf:3    | Identified the ring of the Twenty Wishes {Wiz rF- MR++ MP+9} (You found it on level 3 of the Elven Halls)
 54068 | Elf:3    | Found a runed door.
 54539 | Elf:3    | Noticed Salmacis's ghost (adept OgBe)
 54737 | Elf:3    | Reached XP level 24. HP: 244/244 MP: 33/33
 54739 | Elf:3    | Got a steaming battleaxe {chaos}
 54775 | Elf:3    | Reached skill level 10 in Earth Magic
 54785 | Elf:3    | Reached skill level 9 in Transmutations
 54994 | Elf:3    | Got a twisted demon blade {flame}
 55005 | Elf:3    | Reached skill level 8 in Spellcasting
 55191 | Elf:3    | Got a jewelled rapier
 55199 | Elf:3    | Got a brightly glowing shortbow
 55287 | Elf:3    | Got a slimy bone ring
 55288 | Elf:3    | Identified the ring of Arheujes {Str+4 Int+4 Dex+4} (You found it on level 3 of the Elven Halls)
 55668 | Slime:1  | Got a slimy copper ring
 55669 | Slime:1  | Identified the ring "Hueffila" {rCorr rN+ Int+5} (You acquired it on level 1 of the Pits of Slime)
 56156 | Slime:5  | Entered Level 5 of the Pits of Slime
 56373 | Slime:5  | Noticed the Royal Jelly
 56380 | Slime:5  | Killed the Royal Jelly
 56793 | Slime:5  | Got a fine scimitar
 56814 | Slime:5  | Got a translucent eveningstar
 56831 | Slime:5  | Got a crude tin ring
 56833 | Slime:5  | Got a slimy rune of Zot
 56849 | Slime:5  | Got a fine great sword
 56859 | Slime:5  | Identified the ring of Wu Jian's Favour {Wiz Int+3} (You found it on level 5 of the Pits of Slime)
 56884 | Slime:5  | Got a steaming morningstar
 57256 | Crypt:1  | Entered Level 1 of the Crypt
 57263 | Crypt:1  | Reached skill level 10 in Transmutations
 57759 | Crypt:1  | Reached skill level 9 in Armour
 58561 | Crypt:2  | Reached skill level 11 in Earth Magic
 58623 | Crypt:2  | Reached XP level 25. HP: 235/253 MP: 34/34
 58717 | Crypt:2  | Reached skill level 21 in Unarmed Combat
 58838 | Crypt:2  | Reached skill level 9 in Spellcasting
 59438 | Vaults:5 | Entered Level 5 of the Vaults
 59568 | Vaults:5 | HP: 64/256 [stone giant/large rock (34)]
 59625 | Vaults:5 | Reached skill level 10 in Armour
 59721 | Vaults:5 | Reached skill level 11 in Transmutations
 59852 | Vaults:5 | Reached skill level 16 in Fighting
 59856 | Vaults:5 | Reached skill level 12 in Earth Magic
 60595 | Vaults:5 | Got a twitching pewter ring
 60641 | Vaults:5 | Noticed an ancient lich
 60651 | Vaults:5 | Killed an ancient lich
 60651 | Vaults:5 | Reached skill level 10 in Spellcasting
 60824 | Vaults:5 | Identified the ring "Qintua" {Ice +Fly rPois rN+ Dex-2} (You took it off an ironbrand convoker on level 5 of the Vaults)
 61030 | Vaults:5 | Got a silver rune of Zot
 61128 | Vaults:5 | Noticed an ancient lich
 61135 | Vaults:5 | Killed an ancient lich
 61320 | Vaults:5 | Got a clouded steel ring
 61431 | Vaults:5 | Identified the ring of Dadai {rC+ MR- MP+9 Dex+3} (You took it off a tengu reaver on level 5 of the Vaults)
 61439 | Vaults:5 | Learned a level 3 spell: Regeneration
 61589 | Crypt:3  | Entered Level 3 of the Crypt
 61756 | Crypt:3  | Reached skill level 1 in Necromancy
 62059 | Crypt:3  | Found a staircase to the Tomb.
 62163 | Crypt:3  | Reached skill level 1 in Charms
 62172 | Crypt:3  | Reached skill level 13 in Earth Magic
 62343 | Crypt:3  | Reached skill level 2 in Necromancy
 62373 | Crypt:3  | Reached skill level 12 in Transmutations
 62466 | Crypt:3  | Got a sparkling zirconium amulet
 62467 | Crypt:3  | Identified the amulet "Wuzife" {RegenMP MR+ Dex+4} (You found it on level 3 of the Crypt)
 62581 | Crypt:3  | Reached skill level 2 in Charms
 62798 | Crypt:3  | Got a brightly glowing mace
 62799 | Crypt:3  | Identified the Collected Works on Dark Arts
 62802 | Crypt:3  | Got a brightly glowing iron ring
 62803 | Crypt:3  | Identified the ring "Yzif" {*Contam rC+++ Int+2 Dex+3 Stlth+} (You found it on level 3 of the Crypt)
 63038 | Crypt:3  | Got a dull robe
 63039 | Crypt:3  | Identified the +1 robe "Olane" {rC+ Str+2 Int+2 Slay-4} (You acquired it on level 3 of the Crypt)
 63421 | Zot:1    | Entered Level 1 of the Realm of Zot
 63472 | Depths:5 | Voluntarily entered the Abyss.
 63472 | Abyss:1  | Found a corrupted altar of Lugonu.
 63567 | Abyss:1  | Reached skill level 3 in Necromancy
 63898 | Abyss:3  | Got a fine great mace
 64034 | Abyss:3  | Paralysed by a floating eye for 2 turns
 64057 | Abyss:3  | Got an abyssal rune of Zot
 64062 | Depths:5 | Escaped the Abyss
 64184 | D:15     | You showed the abyssal rune of Zot to enter a treasure trove
 64185 | Trove    | Entered a treasure trove
 64188 | Trove    | Found the +18 shield of the Gong {rElec rN+ MR+ EV-5}
 64189 | Trove    | Found the +0 mask of the Dragon {MR+ Slay+3 SInv}
 64190 | Trove    | Got pearl-encrusted ice dragon scales
 64199 | Trove    | Got a pitted cloak
 64207 | Trove    | Got a twisted cloak
 64229 | Trove    | Identified the +8 ice dragon scales of the Fife {-Cast rF- rC++ rCorr Dex+2 SInv} (You found it in a treasure trove)
 64242 | Trove    | Identified the +0 cloak "Eshoc" {Slay+4 Stlth-} (You found it in a treasure trove)
 64243 | Trove    | Identified the -6 cloak "Omifaf" {Str+3 Slay-3} (You found it in a treasure trove)
 64719 | Zot:1    | Reached skill level 3 in Charms
 64760 | Zot:1    | Reached skill level 4 in Necromancy
 65221 | Zot:2    | Noticed an orb of fire
 65222 | Zot:2    | Reached skill level 17 in Fighting
 65225 | Zot:2    | Killed an orb of fire
 65342 | Zot:2    | Reached skill level 4 in Charms
 65350 | Zot:2    | Reached skill level 5 in Necromancy
 65842 | Zot:2    | Learned a level 5 spell: Borgnjor's Vile Clutch
 66025 | Zot:3    | Reached skill level 14 in Earth Magic
 66926 | Zot:4    | Found a runed gate.
 66926 | Zot:4    | Found a runed gate.
 66927 | Zot:4    | Found a runed gate.
 66929 | Zot:4    | Reached skill level 5 in Charms
 67168 | Zot:4    | Reached skill level 6 in Necromancy
 67314 | Zot:4    | Noticed Sioxa's ghost (master VSFi)
 67638 | Zot:5    | Entered Level 5 of the Realm of Zot
 67847 | Zot:5    | Learned a level 2 spell: Swiftness
 67870 | Zot:5    | Noticed an ancient lich
 67876 | Zot:5    | Killed an ancient lich
 67957 | Zot:5    | Reached skill level 22 in Unarmed Combat
 68095 | Zot:5    | Noticed an ancient lich
 68103 | Zot:5    | Killed an ancient lich
 68205 | Zot:5    | Reached skill level 7 in Necromancy
 68216 | Zot:5    | Noticed an orb of fire
 68225 | Zot:5    | Killed an orb of fire
 68225 | Zot:5    | Noticed an orb of fire
 68235 | Zot:5    | Killed an orb of fire
 68235 | Zot:5    | Reached skill level 11 in Spellcasting
 68251 | Zot:5    | Noticed an orb of fire
 68258 | Zot:5    | Killed an orb of fire
 68373 | Zot:5    | Noticed an ancient lich
 68416 | Zot:5    | Reached skill level 15 in Earth Magic
 68422 | Zot:5    | Noticed an orb of fire
 68424 | Zot:5    | Noticed an orb of fire
 68432 | Zot:5    | Killed an orb of fire
 68436 | Zot:5    | Reached skill level 13 in Transmutations
 68436 | Zot:5    | Noticed an ancient lich
 68439 | Zot:5    | Killed an orb of fire
 68442 | Zot:5    | Killed an ancient lich
 68442 | Zot:5    | Reached skill level 18 in Fighting
 68442 | Zot:5    | Reached skill level 8 in Necromancy
 68814 | Zot:5    | Killed an ancient lich
 69428 | Hell     | Entered the Vestibule of Hell
 69430 | Hell     | Noticed Geryon
 69441 | Hell     | Noticed Murray
 69447 | Hell     | Killed Geryon
 69462 | Hell     | Found a gateway to the freezing wastes of Cocytus.
 69491 | Hell     | HP: 86/344 [eight-headed hydra zombie (6)]
 69493 | Hell     | HP: 41/344 [seven-headed hydra zombie (3)]
 69494 | Hell     | HP: 7/344 [reaper/scythe of flaming (35)]
 69494 | Hell     | HP: 3/344 [seven-headed hydra zombie (1)]
 69494 | Hell     | Slain by a hell knight

Vault maps used:
D:1:      eino_arrival_cavern_a, st_stairs_4, nrook_mini_vaults,
          minmay_tromino_v4_c
D:2:      first_ration, hangedman_decor_lopped
D:4:      kennysheep_orc_chapel
D:5:      marbit_many_paths, minmay_temple_entry_grid, uniq_edmund
D:6:      serial_shops, shop, biasface_ghost_orc_armoury,
          palyth_stone_intersect, trog_ov_bears_minmay, uniq_duvessa
D:7:      grunt_temple_overflow_gold_and_silver, lemuel_crystal_altar,
          uniq_prince_ribbit1
D:8:      minmay_lair_entry_grove, basic_altar
D:9:      special_room, hangedman_little_slice_of_home,
          minmay_hollow_rounded_squares
D:10:     minmay_the_grid_plus, serial_shops, kennysheep_mini_moat,
          roderic_serpentine_path
D:11:     erik_orc_3, gammafunk_ghost_split, uniq_maurice, uniq_josephine,
          uniq_psyche
D:12:     lemuel_flamethrower_3
D:13:     zaba_anthell
D:14:     david_vaults_3, hangedman_abyss_or_decor_lesser_grid, uniq_agnes
D:15:     gammafunk_depths_entry_grave, enter_trove_0,
          lemuel_mausoleum_altar_kikubaaqudgha, uniq_kirke, uniq_azrael,
          uniq_louise
Temple:   compressed_dpeg_circular_temple
Lair:1:   serial_bayou_shore_a
Lair:2:   enter_volcano_2, grunt_megastairs_4, infiniplex_staircase_pool
Lair:3:   minmay_snake_entry_six_corridors, minmay_lair_oklob_bushes
Lair:4:   nicolae_swamp_entry_splash_gauntlet, minmay_holes
Lair:5:   slime_dummy
Lair:6:   cheibrodos_lair_end_hotspot, serial_bayou_lagoon_b
Swamp:1:  evilmike_swamp_ruin_rubble_1, worms_lemuel, uniq_nikola
Swamp:2:  evilmike_swamp_ruin_house_1, uniq_jorgrun
Swamp:3:  hangedman_swamp_lotus
Swamp:4:  swamp_vile, swamp_pool2
Snake:2:  nicolae_aizul_guard, serial_shops, nicolae_shop_waterfront,
          spider_trap
Snake:3:  grunt_ministairs_6, st_stairs_7, grunt_megastairs_1, uniq_vashnia
Snake:4:  snake_pit, serial_shops, bzr_entry_road, shop, grunt_megastairs_2,
          lemuel_fruit_tree
Orc:1:    basic_altar
Orc:2:    st_orc_mages, basic_altar, serial_shops, shop,
          nicolae_shop_overgrown_old_shop, lab_entry_generic, uniq_saint_roka,
          uniq_rupert
Elf:1:    elf_arrival_002, minivault_28
Elf:2:    serial_shops, shop, mu_enter_wizlab_5
Elf:3:    minmay_elf_hall, basic_altar, ebering_ghost_reflecting_pool,
          grunt_ministairs_6
Vaults:1: v_misc_13, ontoclasm_vaults_claustrophobia, vaults_mumra_hexcomb,
          vaults_room_stairs_pillars, v_misc_9, nicolae_vaults_alarming,
          nicolae_vaults_yaktaur_gun_rack, dpeg_vaults_monster_box,
          portal_desolation_entry_nicolae_nacl, uniq_asterion
Vaults:2: v_misc_26, hangedman_vaults_hat, hangedman_vaults_pinch,
          blue_anna_dwarven_crypt, hangedman_vaults_slither,
          hangedman_vaults_river_flow, ontoclasm_vaults_ligature,
          v_alt_pattern_6, vaults_room_door_ring, nicolae_vaults_little_ls,
          uniq_frederick
Vaults:3: vaults_standard_mumra_enter_the_diamond, v_alt_pattern_4,
          vaults_dpeg_diagonal, grunt_vaults_focal, v_misc_18,
          nicolae_vaults_murderbox, serial_shops, shop
Vaults:4: vaults_standard_mumra_lines, nicolae_vaults_triangles,
          hangedman_vaults_snaps, v_alt_pattern_3, ontoclasm_vaults_chip,
          ontoclasm_vaults_shuriken, nicolae_vaults_diagonal_hallway_6,
          ontoclasm_vaults_spin, nicolae_vaults_diagonal_hallway_9,
          nicolae_vaults_network_star, grunt_vaults_hallway_short,
          nicolae_vaults_shelves_hall, serial_shops, shop, uniq_margery,
          uniq_donald
Vaults:5: serial_shops
Crypt:1:  minmay_misc_feat_alley
Crypt:3:  due_elkab, nicolae_tomb_entry_grand_gallery
Depths:1: kennysheep_doodads, grunt_mini_vestibule, abyss_entry_crystal,
          hangedman_research_convocations
Depths:2: kennysheep_bubble_arena, enter_ziggurat_e, abyss_entry_flame_altar,
          pf_coc_iceberg, rand_demon_pan_entry_3, minmay_shop_grove,
          uniq_bai_suzhen, uniq_sojobo
Depths:3: gammafunk_its_a_trap, pf_hell_entry_tar_spiral, pan_entry,
          infiniplex_staircase_zigzag_1, special_room, abyss_entry
Depths:4: cross_vault, hellmouth_1, bh_walls_and_bars, abyss_entry,
          nrook_mini_backslash, uniq_mara
Depths:5: grunt_x_marks_the_spot, pf_dread_powers_of_hell,
          hangedman_decor_clover_reticule, abyss_entry, grunt_decor_fettered,
          nicolae_lava_and_water, basic_stair_grate_trap
Zot:4:    gammafunk_ghost_split
Abyss:2:  evilmike_abyss_exit_4
Abyss:3:  abyss_furniture_001
Lab:      labyrinth_watery, nicolae_lab_starburst, nicolae_lab_grate,
          nicolae_lab_big_swirl, nicolae_lab_hexagon
Bazaar:   bazaar_minmay_armour_weapon
Trove:    trove_armour_2
Volcano:  pf_volcano_lost_world
WizLab:   wizlab_cloud

Skill      XL: |  1  2  3  4  5  6  7  8  9 10 11 12 13 14 15 16 17 18 19 20 21 22 23 24 25 |
---------------+----------------------------------------------------------------------------+-----
Unarmed Combat | 3 4 5 6 7 13 11 14 15 16 17 18 19 20 22 | 22.5
Fighting       | 5 6 7 9 10 11 12 13 14 15 18 | 18.2
Dodging        | 3 5 6 7 8 9 10 11 12 13 14 15 | 15.7
Shields        | 5 7 8 9 10 11 12 13 14 15 | 15.0
Evocations     | 2 4 8 9 10 11 | 11.0
Armour         | 1 3 5 6 8 9 10 | 10.0
Earth Magic    | 3 4 6 9 11 15 | 15.0
Transmutations | 2 3 6 8 10 13 | 13.3
Spellcasting   | 1 2 5 7 8 11 | 11.5
Necromancy     | 8 |  8.8
Charms         | 5 |  5.0

Action                   |  1- 3 |  4- 6 |  7- 9 | 10-12 | 13-15 | 16-18 | 19-21 | 22-24 | 25-27 || total
-------------------------+-------+-------+-------+-------+-------+-------+-------+-------+-------++-------
Melee: Unarmed           |   111 |   163 |   423 |   670 |  1832 |  1795 |  1877 |  1896 |  1678 || 10445
 Cast: Lee's Rapid Decon |       |       |       |       |       |       |       |     4 |       ||     4
       Statue Form       |       |       |       |       |       |       |       |       |    60 ||    60
       Regeneration      |       |       |       |       |       |       |       |       |     8 ||     8
Invok: Sacrifice Experie |       |       |     1 |       |       |       |       |       |       ||     1
       Reject Sacrifices |       |       |       |     1 |     2 |       |       |       |       ||     3
       Draw Out Power    |       |       |       |     1 |    16 |    12 |     4 |     6 |     2 ||    41
       Sacrifice Health  |       |       |       |     1 |       |       |       |       |       ||     1
       Sacrifice Purity  |       |       |       |       |     1 |       |       |       |       ||     1
       Apocalypse        |       |       |       |       |     1 |     5 |     9 |    12 |     9 ||    36
       Sacrifice Arcana  |       |       |       |       |     1 |       |       |       |       ||     1
       Sacrifice Love    |       |       |       |       |       |     1 |       |       |       ||     1
       Power Leap        |       |       |       |       |       |       |       |     1 |       ||     1
 Abil: Evoke Invisibilit |       |       |       |       |       |       |       |     1 |     2 ||     3
Evoke: Wand              |       |       |       |       |     7 |    14 |    10 |     9 |       ||    40
       Lamp of fire      |       |       |       |       |       |       |       |     1 |       ||     1
  Use: Potion            |       |       |    12 |     2 |    10 |    12 |     1 |    12 |    13 ||    62
       Scroll            |       |       |     6 |    18 |    12 |     8 |    14 |    26 |    20 ||   104
 Stab: Sleeping          |       |     2 |     1 |     1 |       |     4 |       |       |     5 ||    13
       Petrifying        |       |       |     1 |       |       |       |       |       |       ||     1
       Distracted        |       |       |       |     3 |     5 |     8 |    10 |     6 |    13 ||    45
       Invisible         |       |       |       |     1 |     9 |    19 |     9 |    25 |    13 ||    76
       Paralysed         |       |       |       |       |    15 |    21 |    27 |    36 |    13 ||   112
  Eat: Chunk             |    16 |    16 |    28 |    52 |   103 |    91 |   103 |    82 |    70 ||   561
       Ration            |       |       |       |       |     3 |       |     7 |     8 |    20 ||    38
Armor: Robe              |    27 |    26 |    85 |   149 |   164 |       |       |       |       ||   451
       Fire dragon scale |       |       |       |       |   399 |   333 |   461 |   481 |   127 ||  1801
       Acid dragon scale |       |       |       |       |       |   121 |     3 |       |       ||   124
       Skin              |       |       |       |       |       |       |       |       |   304 ||   304
       Quicksilver drago |       |       |       |       |       |       |       |       |    54 ||    54
Dodge: Dodged            |    39 |    33 |   111 |   193 |   290 |   269 |   303 |   369 |   350 ||  1957
Block: Shield            |    46 |    35 |   118 |   267 |   749 |   769 |   869 |   826 |  1382 ||  5061
       Reflection        |       |       |       |       |       |       |       |       |    10 ||    10

Table legend:
 A = Spawn XP
 B = Non-spawn XP
 C = Spawn XP percentage of total XP
 D = Spawn monster count
 E = Non-spawn monster count
 F = Spawn count percentage of total count
 G = Total turns spent on level
                    A         B        C        D         E        F      G
               +---------+---------+-------+---------+---------+-------+---------
         Total |    3695 | 1859662 |   0.2 |       6 |    2855 |   0.2 | 69494
               +---------+---------+-------+---------+---------+-------+---------
           D:1 |       0 |      46 |   0.0 |       0 |      25 |   0.0 |   677
           D:2 |       0 |      65 |   0.0 |       0 |      15 |   0.0 |  1011
           D:3 |       0 |     214 |   0.0 |       0 |      32 |   0.0 |   764
           D:4 |       0 |     580 |   0.0 |       0 |      33 |   0.0 |   755
           D:5 |       0 |     454 |   0.0 |       0 |      17 |   0.0 |   695
           D:6 |       0 |    2268 |   0.0 |       0 |      35 |   0.0 |   918
           D:7 |       0 |    1966 |   0.0 |       0 |      46 |   0.0 |   661
           D:8 |       0 |    2785 |   0.0 |       0 |      28 |   0.0 |   902
           D:9 |       0 |    6089 |   0.0 |       0 |      65 |   0.0 |  1442
          D:10 |       0 |    8856 |   0.0 |       0 |      43 |   0.0 |  1561
          D:11 |       0 |    7810 |   0.0 |       0 |      50 |   0.0 |  1873
          D:12 |       0 |    2606 |   0.0 |       0 |      17 |   0.0 |   790
          D:13 |       0 |   14793 |   0.0 |       0 |      99 |   0.0 |  1734
          D:14 |       0 |   17337 |   0.0 |       0 |      71 |   0.0 |  1222
          D:15 |       0 |   26382 |   0.0 |       0 |      72 |   0.0 |  1837
        Lair:1 |       0 |    2277 |   0.0 |       0 |      12 |   0.0 |   868
        Lair:2 |       0 |    6982 |   0.0 |       0 |      30 |   0.0 |  1014
        Lair:3 |       0 |    6299 |   0.0 |       0 |      33 |   0.0 |  1100
        Lair:4 |       0 |    8981 |   0.0 |       0 |      37 |   0.0 |  1502
        Lair:5 |       0 |   12648 |   0.0 |       0 |      44 |   0.0 |  1372
        Lair:6 |       0 |   14776 |   0.0 |       0 |      53 |   0.0 |  1934
       Swamp:1 |       0 |   15586 |   0.0 |       0 |      33 |   0.0 |  1175
       Swamp:2 |       0 |    5687 |   0.0 |       0 |      10 |   0.0 |   689
       Swamp:3 |       0 |   25921 |   0.0 |       0 |      49 |   0.0 |  1240
       Swamp:4 |       0 |   28958 |   0.0 |       0 |      63 |   0.0 |  1158
       Snake:1 |       0 |   14553 |   0.0 |       0 |      30 |   0.0 |  1008
       Snake:2 |       0 |   38787 |   0.0 |       0 |      64 |   0.0 |  1411
       Snake:3 |       0 |   31435 |   0.0 |       0 |      44 |   0.0 |  1336
       Snake:4 |       0 |   68645 |   0.0 |       0 |     117 |   0.0 |  1446
       Slime:1 |       0 |    9299 |   0.0 |       0 |      20 |   0.0 |   209
       Slime:2 |       0 |    7406 |   0.0 |       0 |      18 |   0.0 |   310
       Slime:3 |       0 |    4690 |   0.0 |       0 |       7 |   0.0 |    48
       Slime:4 |       0 |    4897 |   0.0 |       0 |       4 |   0.0 |   355
       Slime:5 |       0 |   46483 |   0.0 |       0 |      43 |   0.0 |   463
         Orc:1 |       0 |    2571 |   0.0 |       0 |      17 |   0.0 |   717
         Orc:2 |       0 |   20867 |   0.0 |       0 |     117 |   0.0 |  1220
         Elf:1 |       0 |   20473 |   0.0 |       0 |      42 |   0.0 |   983
         Elf:2 |       0 |   18462 |   0.0 |       0 |      32 |   0.0 |   861
         Elf:3 |       0 |   63391 |   0.0 |       0 |      64 |   0.0 |  1609
      Vaults:1 |       0 |   31710 |   0.0 |       0 |      65 |   0.0 |  1523
      Vaults:2 |       0 |   37555 |   0.0 |       0 |      56 |   0.0 |  1360
      Vaults:3 |       0 |   33483 |   0.0 |       0 |      42 |   0.0 |  1250
      Vaults:4 |       0 |   62873 |   0.0 |       0 |      84 |   0.0 |  1580
      Vaults:5 |       0 |  178626 |   0.0 |       0 |     141 |   0.0 |  2030
       Crypt:1 |       0 |   44918 |   0.0 |       0 |      71 |   0.0 |  1292
       Crypt:2 |       0 |   30481 |   0.0 |       0 |      38 |   0.0 |   900
       Crypt:3 |       0 |   65519 |   0.0 |       0 |     100 |   0.0 |  1518
      Depths:1 |       0 |   50568 |   0.0 |       0 |      72 |   0.0 |  1323
      Depths:2 |       0 |   60859 |   0.0 |       0 |      51 |   0.0 |  1866
      Depths:3 |       0 |   91624 |   0.0 |       0 |      84 |   0.0 |  2420
      Depths:4 |       0 |   52653 |   0.0 |       0 |      43 |   0.0 |  1418
      Depths:5 |       0 |   49048 |   0.0 |       0 |      40 |   0.0 |  1463
          Hell |       0 |   20251 |   0.0 |       0 |      19 |   0.0 |    66
         Zot:1 |       0 |   35870 |   0.0 |       0 |      19 |   0.0 |   561
         Zot:2 |       0 |   81293 |   0.0 |       0 |      43 |   0.0 |   697
         Zot:3 |       0 |   36540 |   0.0 |       0 |      24 |   0.0 |  1045
         Zot:4 |       0 |   56484 |   0.0 |       0 |      39 |   0.0 |   778
         Zot:5 |       0 |  197085 |   0.0 |       0 |      60 |   0.0 |  1632
       Abyss:1 |    1391 |    1065 |  56.6 |       1 |       2 |  33.3 |   183
       Abyss:2 |    1729 |    4509 |  27.7 |       3 |       6 |  33.3 |   239
       Abyss:3 |     575 |    9972 |   5.5 |       2 |      14 |  12.5 |   168
           Lab |       0 |    2050 |   0.0 |       0 |       6 |   0.0 |   341
       Volcano |       0 |    9552 |   0.0 |       0 |      30 |   0.0 |   634
        WizLab |       0 |   14739 |   0.0 |       0 |      21 |   0.0 |  1045
    Desolation |       0 |   28010 |   0.0 |       0 |      54 |   0.0 |   933
               +---------+---------+-------+---------+---------+-------+---------

Vault maps used:
D:1:      eino_arrival_cavern_a, st_stairs_4, nrook_mini_vaults,
          minmay_tromino_v4_c
D:2:      first_ration, hangedman_decor_lopped
D:4:      kennysheep_orc_chapel
D:5:      marbit_many_paths, minmay_temple_entry_grid, uniq_edmund
D:6:      serial_shops, shop, biasface_ghost_orc_armoury,
          palyth_stone_intersect, trog_ov_bears_minmay, uniq_duvessa
D:7:      grunt_temple_overflow_gold_and_silver, lemuel_crystal_altar,
          uniq_prince_ribbit1
D:8:      minmay_lair_entry_grove, basic_altar
D:9:      special_room, hangedman_little_slice_of_home,
          minmay_hollow_rounded_squares
D:10:     minmay_the_grid_plus, serial_shops, kennysheep_mini_moat,
          roderic_serpentine_path
D:11:     erik_orc_3, gammafunk_ghost_split, uniq_maurice, uniq_josephine,
          uniq_psyche
D:12:     lemuel_flamethrower_3
D:13:     zaba_anthell
D:14:     david_vaults_3, hangedman_abyss_or_decor_lesser_grid, uniq_agnes
D:15:     gammafunk_depths_entry_grave, enter_trove_0,
          lemuel_mausoleum_altar_kikubaaqudgha, uniq_kirke, uniq_azrael,
          uniq_louise
Temple:   compressed_dpeg_circular_temple
Lair:1:   serial_bayou_shore_a
Lair:2:   enter_volcano_2, grunt_megastairs_4, infiniplex_staircase_pool
Lair:3:   minmay_snake_entry_six_corridors, minmay_lair_oklob_bushes
Lair:4:   nicolae_swamp_entry_splash_gauntlet, minmay_holes
Lair:5:   slime_dummy
Lair:6:   cheibrodos_lair_end_hotspot, serial_bayou_lagoon_b
Swamp:1:  evilmike_swamp_ruin_rubble_1, worms_lemuel, uniq_nikola
Swamp:2:  evilmike_swamp_ruin_house_1, uniq_jorgrun
Swamp:3:  hangedman_swamp_lotus
Swamp:4:  swamp_vile, swamp_pool2
Snake:2:  nicolae_aizul_guard, serial_shops, nicolae_shop_waterfront,
          spider_trap
Snake:3:  grunt_ministairs_6, st_stairs_7, grunt_megastairs_1, uniq_vashnia
Snake:4:  snake_pit, serial_shops, bzr_entry_road, shop, grunt_megastairs_2,
          lemuel_fruit_tree
Orc:1:    basic_altar
Orc:2:    st_orc_mages, basic_altar, serial_shops, shop,
          nicolae_shop_overgrown_old_shop, lab_entry_generic, uniq_saint_roka,
          uniq_rupert
Elf:1:    elf_arrival_002, minivault_28
Elf:2:    serial_shops, shop, mu_enter_wizlab_5
Elf:3:    minmay_elf_hall, basic_altar, ebering_ghost_reflecting_pool,
          grunt_ministairs_6
Vaults:1: v_misc_13, ontoclasm_vaults_claustrophobia, vaults_mumra_hexcomb,
          vaults_room_stairs_pillars, v_misc_9, nicolae_vaults_alarming,
          nicolae_vaults_yaktaur_gun_rack, dpeg_vaults_monster_box,
          portal_desolation_entry_nicolae_nacl, uniq_asterion
Vaults:2: v_misc_26, hangedman_vaults_hat, hangedman_vaults_pinch,
          blue_anna_dwarven_crypt, hangedman_vaults_slither,
          hangedman_vaults_river_flow, ontoclasm_vaults_ligature,
          v_alt_pattern_6, vaults_room_door_ring, nicolae_vaults_little_ls,
          uniq_frederick
Vaults:3: vaults_standard_mumra_enter_the_diamond, v_alt_pattern_4,
          vaults_dpeg_diagonal, grunt_vaults_focal, v_misc_18,
          nicolae_vaults_murderbox, serial_shops, shop
Vaults:4: vaults_standard_mumra_lines, nicolae_vaults_triangles,
          hangedman_vaults_snaps, v_alt_pattern_3, ontoclasm_vaults_chip,
          ontoclasm_vaults_shuriken, nicolae_vaults_diagonal_hallway_6,
          ontoclasm_vaults_spin, nicolae_vaults_diagonal_hallway_9,
          nicolae_vaults_network_star, grunt_vaults_hallway_short,
          nicolae_vaults_shelves_hall, serial_shops, shop, uniq_margery,
          uniq_donald
Vaults:5: serial_shops
Crypt:1:  minmay_misc_feat_alley
Crypt:3:  due_elkab, nicolae_tomb_entry_grand_gallery
Depths:1: kennysheep_doodads, grunt_mini_vestibule, abyss_entry_crystal,
          hangedman_research_convocations
Depths:2: kennysheep_bubble_arena, enter_ziggurat_e, abyss_entry_flame_altar,
          pf_coc_iceberg, rand_demon_pan_entry_3, minmay_shop_grove,
          uniq_bai_suzhen, uniq_sojobo
Depths:3: gammafunk_its_a_trap, pf_hell_entry_tar_spiral, pan_entry,
          infiniplex_staircase_zigzag_1, special_room, abyss_entry
Depths:4: cross_vault, hellmouth_1, bh_walls_and_bars, abyss_entry,
          nrook_mini_backslash, uniq_mara
Depths:5: grunt_x_marks_the_spot, pf_dread_powers_of_hell,
          hangedman_decor_clover_reticule, abyss_entry, grunt_decor_fettered,
          nicolae_lava_and_water, basic_stair_grate_trap
Zot:4:    gammafunk_ghost_split
Abyss:2:  evilmike_abyss_exit_4
Abyss:3:  abyss_furniture_001
Lab:      labyrinth_watery, nicolae_lab_starburst, nicolae_lab_grate,
          nicolae_lab_big_swirl, nicolae_lab_hexagon
Bazaar:   bazaar_minmay_armour_weapon
Trove:    trove_armour_2
Volcano:  pf_volcano_lost_world
WizLab:   wizlab_cloud

Table legend:
 A = Turns spent in this place as a percentage of turns spent in the entire game.
 B = Non-inter-level travel turns spent in this place as a percentage of non-inter-level travel turns spent in the entire game.
 C = Inter-level travel turns spent in this place as a percentage of turns spent in this place.
 D = Turns resting spent in this place as a percentage of non-inter-level travel turns spent in this place.
 E = Turns spent auto-exploring this place as a percentage of non-inter-level travel turns spent in this place.
 F = Non-inter-level travel turns spent in this place divided by the number of levels of this place that you've seen.
                   A       B       C       D       E      F
               +-------+-------+-------+-------+-------+----------------------
         Total | 100.0 | 100.0 |  10.5 |   5.9 |  62.0 | 914.7
       Dungeon |  24.2 |  23.1 |  14.5 |   2.8 |  71.8 | 959.7
        Temple |   0.1 |   0.1 |  13.3 |   0.0 |  75.4 |  65.0
          Lair |  11.2 |  10.7 |  14.8 |   5.5 |  69.6 | 1106.7
         Swamp |   6.1 |   6.2 |   9.4 |   2.1 |  64.2 | 965.5
     Snake Pit |   7.5 |   7.7 |   8.1 |   5.2 |  61.1 | 1195.2
    Slime Pits |   2.0 |   2.1 |   7.9 |  36.1 |  16.5 | 255.2
  Orcish Mines |   2.8 |   2.8 |   9.5 |  12.7 |  43.2 | 876.5
   Elven Halls |   5.0 |   5.1 |   8.4 |   3.6 |  61.2 | 1054.7
        Vaults |  11.1 |  11.5 |   7.8 |   5.2 |  60.4 | 1428.0
         Crypt |   5.3 |   5.6 |   5.3 |   1.2 |  62.0 | 1171.0
        Depths |  12.2 |  11.7 |  14.3 |  10.6 |  57.1 | 1455.4
          Hell |   0.1 |   0.1 |   0.0 |   0.0 |   0.0 |  66.0
           Zot |   6.8 |   7.1 |   5.8 |   2.1 |  71.3 | 887.8
         Abyss |   0.8 |   0.9 |   0.0 |   0.0 |  24.2 | 196.7
     Labyrinth |   0.5 |   0.5 |   0.0 |   6.5 |   0.0 | 341.0
        Bazaar |   0.1 |   0.1 |   0.0 |   0.0 |  93.7 |  63.0
         Trove |   0.3 |   0.4 |   0.0 |  26.7 |   0.0 | 221.0
       Volcano |   0.9 |   1.0 |   0.0 |   3.2 |  48.1 | 634.0
        Wizlab |   1.5 |   1.7 |   0.0 |  36.7 |  41.3 | 1045.0
    Desolation |   1.3 |   1.5 |   0.0 |   0.5 |  52.9 | 933.0
               +-------+-------+-------+-------+-------+----------------------

Table legend:
 A = Kills in this place as a percentage of kills in entire the game.
 B = Kills by you in this place as a percentage of kills by you in the entire game.
 C = Kills by friends in this place as a percentage of kills by friends in the entire game.
 D = Other kills in this place as a percentage of other kills in the entire game.
 E = Experience gained in this place as a percentage of experience gained in the entire game.
 F = Experience gained in this place divided by the number of levels of this place that you have seen.
                   A       B       C       D       E      F
               +-------+-------+-------+-------+-------+----------------------
         Total | 100.0 | 100.0 |   N/A | 100.0 | 100.0 | 27402.3
       Dungeon |  22.6 |  22.9 |   N/A |   5.7 |   5.0 | 6150.1
          Lair |   7.3 |   7.3 |   N/A |   5.7 |   2.8 | 8660.5
         Swamp |   5.4 |   5.3 |   N/A |  11.4 |   4.1 | 19038.0
     Snake Pit |   8.9 |   9.0 |   N/A |   2.9 |   8.2 | 38355.0
    Slime Pits |   3.2 |   3.3 |   N/A |   0.0 |   3.9 | 14555.0
  Orcish Mines |   4.7 |   4.7 |   N/A |   2.9 |   1.3 | 11719.0
   Elven Halls |   4.8 |   4.7 |   N/A |  14.3 |   5.5 | 34108.7
        Vaults |  13.6 |  13.5 |   N/A |  20.0 |  18.5 | 68849.4
         Crypt |   7.3 |   7.4 |   N/A |   2.9 |   7.6 | 46972.7
        Depths |  10.1 |  10.0 |   N/A |  17.1 |  16.4 | 60950.4
          Hell |   0.7 |   0.7 |   N/A |   0.0 |   1.1 | 20251.0
           Zot |   6.5 |   6.4 |   N/A |   8.6 |  21.9 | 81454.4
         Abyss |   1.0 |   1.0 |   N/A |   2.9 |   1.0 | 6413.7
     Labyrinth |   0.2 |   0.2 |   N/A |   0.0 |   0.1 | 2050.0
       Volcano |   1.0 |   1.0 |   N/A |   2.9 |   0.5 | 9552.0
        Wizlab |   0.7 |   0.7 |   N/A |   2.9 |   0.8 | 14739.0
    Desolation |   1.9 |   1.9 |   N/A |   0.0 |   1.5 | 28010.0
               +-------+-------+-------+-------+-------+----------------------
